 Dungeon Crawl Stone Soup version 0.20-a0-1116-gaa52201 (webtiles) character file.

101 Monsterracer the Poker (level 4, -1/34 HPs)
             Began as a Merfolk Skald on May 7, 2017.
             Was an Initiate of Ashenzari.
             Splashed by a jelly's acid (3 damage)
             ... on level 2 of the Dungeon.
             The game lasted 00:06:09 (1779 turns).

Monsterracer the Poker (Merfolk Skald)              Turns: 1779, Time: 00:06:09

Health: -1/34      AC: -2    Str: 11    XL:     4   Next: 75%
Magic:  7/7        EV: 13    Int: 13    God:    Ashenzari [......]
Gold:   150        SH:  0    Dex: 13    Spells: 2/7 levels left

rFire    + . .     SeeInvis .   a - +0 spear
rCold    . . .     Gourm    .   (no shield)
rNeg     . . .     Faith    .   k - +2 leather armour {rF+}
rPois    .         Spirit   .   j - +0 hat
rElec    .         Reflect  .   (no cloak)
rCorr    .         Harm     .   (no gloves)
MR       .....                  (no boots)
Stlth    +.........             e - amulet of regeneration
Regen    0.6/turn               (no ring)
MPRegen  0.1/turn               (no ring)

@: singing (expiring), corroded
A: change form in water, swift swim, stealthy swim
a: Curse Item, Renounce Religion


You were on level 2 of the Dungeon.
You worshipped Ashenzari.
Ashenzari was noncommittal.
You were very hungry.

You visited 1 branch of the dungeon, and saw 2 of its levels.

You collected 150 gold pieces.

Inventory:

Hand Weapons
 a - a +0 spear (weapon)
Armour
 j - a +0 hat (worn)
 k - a +2 leather armour of fire resistance (worn)
Jewellery
 e - an amulet of regeneration (around neck)
Wands
 b - a wand of lightning (7/15)
Scrolls
 g - 2 scrolls of fog
Books
 c - a book of Battle

   Spells                             Type                      Level
   a - Infusion                       Charms                       1
   b - Shroud of Golubria             Charms/Translocation         2
   c - Song of Slaying                Charms                       2
   d - Spectral Weapon                Hexes/Charms                 3
   e - Regeneration                   Charms/Necromancy            3
Comestibles
 d - 2 bread rations
 i - 2 meat rations


   Skills:
 + Level 2.7 Fighting
 * Level 6.0 Polearms
 - Level 0.6 Armour
 + Level 3.6 Dodging
 - Level 2.0 Spellcasting
 - Level 3.2 Charms


You had 2 spell levels left.
You knew the following spells:

 Your Spells              Type           Power        Failure   Level  Hunger
a - Infusion              Chrm           #...         9%          1    ##.....
b - Song of Slaying       Chrm           #.......     13%         2    ###....
c - Shroud of Golubria    Chrm/Tloc      #.........   26%         2    ###....


Dungeon Overview and Level Annotations

Branches:
Dungeon (2/15)

Altars:
Ashenzari
Dithmenos
Ru
Zin


Message History

You are too injured to fight recklessly!
You are too injured to fight recklessly!
You are too injured to fight recklessly!
You are too injured to fight recklessly!
You are too injured to fight recklessly!
You are too injured to fight recklessly!
You are too injured to fight recklessly!
You are too injured to fight recklessly!
You are too injured to fight recklessly!
You are too injured to fight recklessly!
You are too injured to fight recklessly!
You are too injured to fight recklessly!
Unknown command.
You hit the jelly.
Your hands burn!
The jelly is severely wounded.
The jelly hits you. The acid corrodes you!
You are splashed with acid!
The acid burns!
* * * LOW HITPOINT WARNING * * *
You hit the jelly.
Your hands burn!
You die...

.#### #####.......#.#
....## ##########.#.#
.....#
#!..÷..##.##########.#
.....#
#..PP..#.#.#....####(#
.###.#
#÷....J#.#.#.....##((#
.# #.#
#.....P#)#'#.....)'.(#
.# #.#
#...JJ.#.#.......))..#
.# #.#
#..J.JJ#.#....[...'.##
.# #.#
#..J...#@#.......##.#
.# #.#
#P.P.JJJ##......#####
.###.#
#....÷J##########
.....# #######
########### ######
#.........#
#.#######.# #.# #.#
#.# #.# #.# #.#


You could see 2 jellies and 2 oozes.

Vanquished Creatures
  A jelly (D:2)
  4 oozes
  A worm (D:2)
  5 leopard geckos
  4 giant cockroaches
  5 goblins
  3 hobgoblins
  4 jackals (D:1)
  2 bats (D:2)
  2 frilled lizards
  10 kobolds
  2 rats
43 creatures vanquished.

Vanquished Creatures (others)
  A fungus (D:2)
  10 toadstools (D:2)
11 creatures vanquished.

Grand Total: 54 creatures vanquished

Notes
Turn   | Place    | Note
-------+----------+-------------------------------------------
     0 | D:1      | Monsterracer the Merfolk Skald began the quest for the Orb.
     0 | D:1      | Reached XP level 1. HP: 16/16 MP: 3/3
   229 | D:1      | Reached skill level 4 in Polearms
   229 | D:1      | Reached XP level 2. HP: 22/22 MP: 5/5
   283 | D:1      | Learned a level 2 spell: Song of Slaying
   676 | D:1      | Reached skill level 5 in Polearms
   676 | D:1      | Reached XP level 3. HP: 27/27 MP: 6/6
   680 | D:1      | Learned a level 2 spell: Shroud of Golubria
  1013 | D:2      | Found a shadowy altar of Dithmenos.
  1373 | D:2      | Found a sacrificial altar of Ru.
  1373 | D:2      | Found a shattered altar of Ashenzari.
  1374 | D:2      | Found a glowing silver altar of Zin.
  1380 | D:2      | Became a worshipper of Ashenzari the Shackled
  1721 | D:2      | Reached XP level 4. HP: 20/34 MP: 7/7
  1773 | D:2      | Reached skill level 6 in Polearms
  1779 | D:2      | Splashed by a jelly's acid

Vault maps used:
D:1:      elethiomel_arrival_shortcut
D:2:      cheibrodos_fertilizer, gammafunk_temple_overflow_claw, first_bread,
          nicolae_dithmenos_shadow_blocks

Skill      XL: |  1  2  3  4 |
---------------+-------------+-----
Polearms       | 4 5 6 |  6.0
Dodging        | 3 |  3.6
Fighting       | |  2.7
Armour         | |  0.6
Spellcasting   | |  2.0
Charms         | |  3.2

Action                   |  1- 3 |  4- 6 || total
-------------------------+-------+-------++-------
Melee: Spear             |   167 |    24 ||   191
 Cast: Infusion          |     2 |       ||     2
       Song of Slaying   |     1 |     1 ||     2
  Use: Potion            |     2 |       ||     2
       Scroll            |     3 |       ||     3
 Stab: Sleeping          |     2 |     1 ||     3
  Eat: Chunk             |     2 |       ||     2
Armor: Leather armour    |    23 |     3 ||    26
Dodge: Dodged            |    72 |     7 ||    79
